 Dungeon Crawl Stone Soup version 0.29.0-4-gdea44cf6ec (webtiles) character file.

Game seed: 856057360575529738

8542 quinnr the Destroyer (level 11, -1/64 HPs)
             Began as a Tengu Conjurer on Aug 28, 2022.
             Was a Believer of Vehumet.
             Succumbed to a cane toad's poison
             ... on level 9 of the Dungeon.
             The game lasted 00:28:13 (14136 turns).

quinnr the Destroyer (Tengu Conjurer)              Turns: 14136, Time: 00:28:14

Health: -1/64      AC:  6    Str:  8    XL:     11   Next: 32%
Magic:  9/22       EV: 15    Int: 23    God:    Vehumet [**....]
Gold:   603        SH:  0    Dex: 12    Spells: 12/24 levels left

rFire   + . .      SeeInvis +   L - +12 pair of quick blades "Gyre" and "Gimble" {protect}
rCold   + + .      Faith    .   (shield currently unavailable)
rNeg    . . .      Spirit   .   J - +0 steam dragon scales
rPois   .          Reflect  .   (helmet restricted)
rElec   .          Harm     .   F - scarf {rC+ rF+}
rCorr   .          Rampage  .   f - +0 pair of gloves
Will    .....                   (boots unavailable)
Stlth   +++.......              (no amulet)
HPRegen 0.20/turn               v - ring of see invisible
MPRegen 0.18/turn               C - ring of protection from cold

@: lethally poisoned (-1 -> -9), flying quickly and evasively, quick
A: beak, talons 3, nimble flight
a: Renounce Religion


You were on level 9 of the Dungeon.
You worshipped Vehumet.
Vehumet was pleased with you.
You visited 3 branches of the dungeon, and saw 11 of its levels.

You collected 603 gold pieces.


Innate Abilities, Weirdness & Mutations

You have a beak for a mouth.
You have claws for feet.
Your magical nature lets you fly swiftly and evasively.


   Skills:
 + Level 5.3 Fighting
 - Level 5.0 Short Blades
 - Level 3.0 Armour
 - Level 4.0 Dodging
 - Level 5.0 Stealth
 - Level 7.0 Spellcasting
 - Level 12.0 Conjurations
 - Level 6.0 Hexes
 - Level 5.0 Evocations


You had 12 spell levels left.
You knew the following spells:

 Your Spells              Type           Power      Damage    Failure   Level
d - Dazzling Flash        Conj/Hex       98%        N/A       1%          3
f - Fulminant Prism       Conj/Hex       24%        3d13      1%          4
m - Magic Dart            Conj           100%       1d8       1%          1
s - Searing Ray           Conj           100%       2d8       1%          2
t - Static Discharge      Conj/Air       35%        3-8/arc   1%          2

Your spell library contained the following spells:

 Spells                   Type           Power      Damage    Failure   Level
 Scorch                   Fire           16%        2d6       12%         2
 Iskenderun's Mystic Bla  Conj/Tloc      35%        2d8       6%          4
 Sublimation of Blood     Necr           8%         N/A       12%         2
 Irradiate                Conj/Tmut      17%        3d17      19%         5
 Petrify                  Tmut/Erth      8%         N/A       58%         4

Inventory:

Hand Weapons
 n - a +3 dagger
 L - the +12 pair of quick blades "Gyre" and "Gimble" (weapon) {protect}
   (You found it on level 8 of the Dungeon)

   It grants its wielder temporary protection when it strikes (+7 to AC).
Armour
 a - a +0 robe
 f - a +0 pair of gloves (worn)
 F - a scarf of resistance (worn)
 J - +0 steam dragon scales (worn)
Magical Staves
 H - a staff of death {!a}
Jewellery
 v - a ring of see invisible (left hand)
 C - a ring of protection from cold (right hand)
 N - a ring of positive energy
Wands
 o - a wand of flame (17)
 p - a wand of polymorph (10)
 G - a wand of charming (11)
 K - a wand of mindburst (26)
Scrolls
 c - a scroll of fog {unknown}
 d - 2 scrolls of poison {unknown}
 j - 2 scrolls of enchant armour {unknown}
 k - a scroll of vulnerability {unknown}
 l - a scroll of enchant weapon {unknown}
 m - 2 scrolls of amnesia {unknown}
 q - 5 scrolls of teleportation {unknown}
 s - 2 scrolls of immolation {unknown}
 w - a scroll of magic mapping {unknown}
 x - 2 scrolls of brand weapon {unknown}
 y - a scroll of acquirement {unknown}
 D - a scroll of summoning {unknown}
 I - a scroll of silence {unknown}
 M - a scroll of identify {@r1}
Potions
 b - 3 potions of magic
 g - 2 potions of degeneration
 h - a potion of haste {@q3}
 i - 3 potions of heal wounds {@q2}
 r - a potion of attraction
 t - 3 potions of might
 u - a potion of mutation
 z - a potion of flight
 A - 2 potions of ambrosia
 B - 2 potions of cancellation
 E - a potion of resistance {unknown}
Miscellaneous
 O - a lightning rod (4/4)

Dungeon Overview and Level Annotations

Branches:
Dungeon (9/15)             Temple (1/1) D:5            Lair (1/5) D:9
    Orc: D:9-12

Altars:
Ashenzari
Elyvilon
Gozag
Hepliaklqana
Makhleb
Okawaru
Qazlal
Ru
Vehumet
Wu Jian
Xom
Yredelemnul
Zin
The Shining One

Shops:
D:9

*== #...~~~~~#.# #....#####.###
## #............# ##.
#.....###....# #####..
#..#...≈...#.#####......
#.#..#...#..#.#....##...
#.#.##..P##.#.....###...
#.#.........#........... ######
#.#≈..F@P..≈#######..... ...>.#
###.........# #.....
.....#######.##...##.# ##.....
...........#..#...#..## #......
.....#####..#...≈...#.# ##..#...
.....# #......###....# ##.......
.....####.............###........
.................######..........
#########.#...##..............#>.


You could see a cane toad.


Message History

You are lethally poisoned!
The cane toad poisons you! The cane toad stings you.
* * * LOW HITPOINT WARNING * * *
Unknown command.
Okay, then.
Okay, then.
Blink to where?
Press: ? - help, Dir - move target, p - cane toad
As you read the scroll of blinking, it crumbles to dust.
* * * LOW HITPOINT WARNING * * *
You feel very sick.
A komodo dragon comes into view.
Unknown command.
You feel much better.
You feel very sick.
Your magical contamination has completely faded away.
Blink to where?
Press: ? - help, Dir - move target A bullfrog comes into view.
As you read the scroll of blinking, it crumbles to dust.
You feel very sick.
A wyvern comes into view.
The wyvern moves out of view.
Unknown command.
You feel very sick.
The bullfrog gives a loud, deep croak!
The cane toad stings you!!
* * * LOW HITPOINT WARNING * * *
You fly upwards.
Welcome back to the Dungeon!
You die...

Skill      XL: |  1  2  3  4  5  6  7  8  9 10 11 |
---------------+----------------------------------+-----
Conjurations   | 6 7 8 9 10 12 | 12.0
Hexes          | 1 2 3 4 6 |  6.0
Fighting       | 1 3 4 5 |  5.3
Dodging        | 3 4 |  4.0
Spellcasting   | 3 5 7 |  7.0
Stealth        | 3 4 5 |  5.0
Evocations     | 4 5 |  5.0
Armour         | 3 |  3.0
Short Blades   | 2 5 |  5.0

Action                   |  1- 3 |  4- 6 |  7- 9 | 10-12 || total
-------------------------+-------+-------+-------+-------++-------
Melee: Dagger            |       |       |     3 |     3 ||     6
       Pair of quick bla |       |       |       |     6 ||     6
       Kick              |       |       |       |     1 ||     1
 Cast: Magic Dart        |    74 |    97 |   102 |    34 ||   307
       Searing Ray       |       |    14 |    47 |    22 ||    83
       Dazzling Flash    |       |       |     6 |     5 ||    11
       Fulminant Prism   |       |       |     2 |    29 ||    31
Evoke: Wand              |       |       |       |     3 ||     3
  Use: Potion            |       |       |     6 |     1 ||     7
       Scroll            |       |       |     5 |     2 ||     7
 Stab: Invisible         |       |       |       |     3 ||     3
Armor: Robe              |       |     5 |    10 |       ||    15
       Steam dragon scal |       |       |       |     6 ||     6
Dodge: Dodged            |     4 |    23 |    65 |    38 ||   130

Levels and vault maps discovered:
D:1:      dpeg_arrival_rooms_with_view, layout_loops_ring,
          hellmonk_ecumenical_altar_zigzags, nicolae_titane
D:2:      layout_loops_cross, minmay_misc_feat_square, minmay_pentomino_r2
D:3:      layout_loops_ring, grunt_temple_overflow_lords_of_destruction,
          mainiacjoe_overflow_boulevard, minmay_misc_feat_iff, st_stairs_14
D:4:      layout_basic, mainiacjoe_overflow_small_starburst
D:5:      layout_basic, minmay_temple_entry_statues_pillars
D:6:      layout_basic, zin_academy, serial_co_window_serial, co_window_paths_a,
          co_window_paths_a, co_window_of_opportunity_a, co_window_paths_b,
          co_window_corner_a, co_window_corner_b, co_window_cross_2,
          co_window_of_opportunity_c, co_window_corner_ca, co_window_corner_b,
          co_window_unsneaky_path_e, co_window_corner_b, glass_columns_b,
          uniq_blork_the_orc
D:7:      layout_basic, uniq_pikel
D:8:      layout_basic, yredelemnul_forgotten_temple_becter,
          nicolae_hepliaklqana_hippocampus, gammafunk_temple_overflow_statue,
          hellmonk_guarded_unrand_gyre_and_gimble
D:9:      layout_rooms, xom_confusion_cloud, dpeg_oklobed_lair,
          minmay_shop_grid_forest
Temple:   nicolae_temple_bog_church
Lair:1:   layout_chaotic_city

Notes
Turn   | Place    | Note
-------+----------+-------------------------------------------
     0 | D:1      | quinnr the Tengu Conjurer began the quest for the Orb.
     0 | D:1      | Reached XP level 1. HP: 10/10 MP: 4/4
   180 | D:1      | Reached XP level 2. HP: 15/15 MP: 3/6
   221 | D:1      | Reached skill level 6 in Conjurations
   445 | D:1      | Found a faded altar of an unknown god.
   932 | D:2      | Reached XP level 3. HP: 19/19 MP: 3/7
  1517 | D:2      | Reached skill level 7 in Conjurations
  1552 | D:2      | Learned a level 2 spell: Searing Ray
  1565 | D:2      | Learned a level 3 spell: Dazzling Flash
  1860 | D:2      | Reached XP level 4. HP: 24/24 MP: 5/8
  2461 | D:3      | Found a glowing golden altar of the Shining One.
  2874 | D:3      | Found a radiant altar of Vehumet.
  2894 | D:3      | Reached skill level 1 in Hexes
  2894 | D:3      | Gained mutation: Your magical nature lets you fly swiftly
                  | and evasively. [Tengu growth]
  2894 | D:3      | Reached XP level 5. HP: 24/28 MP: 0/9
  2983 | D:3      | Found a burning altar of Makhleb.
  3016 | D:3      | Became a worshipper of Vehumet
  3653 | D:3      | Reached skill level 8 in Conjurations
  4000 | D:3      | Reached skill level 2 in Hexes
  4169 | D:4      | Reached XP level 6. HP: 32/32 MP: 4/10
  4376 | D:4      | Found the +10 tower shield of Ignorance {rN+ Int-4}
  4408 | D:4      | Found a white marble altar of Elyvilon.
  4885 | D:4      | Noticed a black bear
  4902 | D:4      | Killed a black bear
  4980 | D:4      | Reached skill level 1 in Fighting
  4980 | D:4      | Reached XP level 7. HP: 38/38 MP: 7/11
  5226 | D:4      | Reached * piety under Vehumet
  5226 | D:4      | Offered knowledge of Freeze by Vehumet.
  5582 | D:5      | Entered Level 5 of the Dungeon
  5604 | D:4      | Reached skill level 3 in Dodging
  5682 | D:5      | Found a staircase to the Ecumenical Temple.
  5695 | D:5      | Reached skill level 3 in Spellcasting
  5695 | D:5      | Reached skill level 9 in Conjurations
  5695 | D:5      | Reached skill level 3 in Hexes
  5749 | Temple   | Entered the Ecumenical Temple
  5756 | Temple   | Reached skill level 3 in Stealth
  6003 | D:5      | Reached XP level 8. HP: 25/43 MP: 4/14
  6004 | D:5      | Reached skill level 4 in Dodging
  6755 | D:5      | Reached skill level 4 in Stealth
  6755 | D:5      | Reached skill level 4 in Spellcasting
  7484 | D:6      | Reached skill level 2 in Fighting
  7811 | D:6      | Found a glowing silver altar of Zin.
  7892 | D:6      | Noticed a two-headed ogre
  8246 | D:6      | Noticed Blork the orc
  8259 | D:6      | Killed Blork the orc
  8260 | D:6      | Reached skill level 3 in Fighting
  8270 | D:6      | Reached skill level 5 in Spellcasting
  8270 | D:6      | Reached skill level 10 in Conjurations
  8871 | D:7      | Reached XP level 9. HP: 52/52 MP: 11/17
  8989 | D:7      | Reached skill level 4 in Fighting
  9188 | D:6      | Reached skill level 11 in Conjurations
  9578 | D:7      | HP: 4/52 [poisoned by a killer bee]
  9914 | D:7      | Reached ** piety under Vehumet
  9915 | D:7      | Reached skill level 12 in Conjurations
  9957 | D:7      | Learned a level 4 spell: Fulminant Prism
 10002 | D:7      | Offered knowledge of Static Discharge by Vehumet.
 10007 | D:7      | Learned a level 2 spell: Static Discharge
 10030 | D:7      | Identified a scarf of resistance
 10066 | D:7      | Noticed a hornet
 10074 | D:7      | Killed a hornet
 10075 | D:7      | Reached skill level 1 in Evocations
 10501 | D:7      | Noticed Pikel
 10732 | D:7      | Killed Pikel
 10733 | D:7      | Reached skill level 4 in Hexes
 10733 | D:7      | Reached skill level 3 in Evocations
 10989 | D:7      | Reached skill level 4 in Evocations
 11249 | D:8      | Reached XP level 10. HP: 54/56 MP: 11/18
 11709 | D:8      | Found a basalt altar of Yredelemnul.
 11746 | D:8      | Reached skill level 1 in Armour
 11812 | D:8      | Reached skill level 5 in Evocations
 11866 | D:8      | Noticed a two-headed ogre
 11953 | D:8      | Killed a two-headed ogre
 11954 | D:8      | Reached skill level 3 in Armour
 11954 | D:8      | Reached skill level 5 in Hexes
 12124 | D:8      | Found a hazy altar of Hepliaklqana.
 12234 | D:8      | Noticed a two-headed ogre
 12253 | D:8      | Killed a two-headed ogre
 12254 | D:8      | Reached skill level 6 in Hexes
 12424 | D:8      | Found an ornate altar of the Wu Jian Council.
 12424 | D:8      | Found an opulent altar of Gozag.
 12483 | D:8      | Noticed a two-headed ogre
 12518 | D:8      | Killed a two-headed ogre
 12519 | D:8      | Reached skill level 6 in Spellcasting
 12656 | D:8      | Found the +12 pair of quick blades "Gyre" and "Gimble"
                  | {protect}
 12972 | D:9      | Found Teym's Jewellery Shop.
 12974 | D:9      | Found Omparafo's Jewellery Shop.
 12974 | D:9      | Found Kisulah's General Store.
 12976 | D:9      | Found Conaottu's Distillery.
 13001 | D:9      | Noticed a two-headed ogre
 13004 | D:9      | Noticed a two-headed ogre
 13015 | D:9      | Killed a two-headed ogre
 13016 | D:9      | Reached skill level 2 in Short Blades
 13016 | D:9      | Reached skill level 7 in Spellcasting
 13016 | D:9      | Reached XP level 11. HP: 59/61 MP: 5/22
 13018 | D:9      | Killed a two-headed ogre
 13019 | D:9      | Reached skill level 4 in Short Blades
 13019 | D:9      | Reached skill level 5 in Stealth
 13730 | D:9      | Offered knowledge of Scorch by Vehumet.
 13731 | D:9      | Reached skill level 5 in Short Blades
 13816 | D:9      | Noticed a two-headed ogre
 13828 | D:9      | Killed a two-headed ogre
 13931 | D:9      | Found a staircase to the Lair.
 13978 | D:9      | Found a shimmering altar of Xom.
 14121 | Lair:1   | Entered Level 1 of the Lair of Beasts
 14128 | Lair:1   | Reached skill level 5 in Fighting
 14132 | Lair:1   | HP: 6/64 [poisoned by a cane toad]
 14135 | Lair:1   | HP: 2/64 [cane toad (21)]
 14136 | D:9      | Succumbed to a cane toad's poison

Vanquished Creatures
  6 two-headed ogres
  Pikel (D:7)
  A black mamba (Lair:1)
  A troll (D:9)
  A hornet (D:7)
  A spriggan (D:8)
  3 steam dragons
  3 water moccasins
  2 ice beasts (D:8)
  A black bear (D:4)
  2 sky beasts
  An ogre (D:5)
  A centaur (D:9)
  3 lemures (D:7)
  2 phantoms
  Blork the orc (D:6)
  3 kobold brigands
  8 bullfrogs
  2 necrophages (D:7)
  8 wights
  5 killer bees (D:7)
  A howler monkey (D:6)
  A crimson imp (D:3)
  A jelly (D:5)
  A gnoll bouda (D:7)
  4 hounds
  An iguana (D:5)
  5 orc wizards
  6 gnolls
  7 adders
  3 white imps
  An ufetubus (D:5)
  2 worms
  4 dart slugs
  17 orcs
  8 ball pythons
  7 endoplasms
  4 giant cockroaches
  5 goblins
  6 hobgoblins
  4 jackals (D:2)
  7 quokkas
  5 bats
  6 frilled lizards
  21 kobolds
  4 rats
  A spectral orc (D:8)
  A fulminant prism (D:9)
189 creatures vanquished.

Vanquished Creatures (others)
  30 fulminant prisms
  4 fungi (D:9)
  7 plants
41 creatures vanquished.

Grand Total: 230 creatures vanquished

Table legend: (Time is in decaauts)
 A = Elapsed time spent in this place.
 B = Non-inter-level travel time spent in this place.
 C = Inter-level travel time spent in this place.
 D = Time resting spent in this place.
 E = Time spent auto-exploring this place.
 F = Levels seen in this place.
 G = Mean time per level.
                   A        B        C        D        E       F      G
               +--------+--------+--------+--------+--------+-----+--------+
         Total |  13583 |  13235 |    348 |   2292 |   9126 |  11 | 1234.8 |
       Dungeon |  13380 |  13032 |    348 |   2110 |   9126 |   9 | 1486.7 |
        Temple |    189 |    189 |      0 |    182 |      0 |   1 |  189.0 |
          Lair |     13 |     13 |      0 |      0 |      0 |   1 |   13.0 |
               +--------+--------+--------+--------+--------+-----+--------+

Top non-repeatable levels by time:
     D:8: 2080 daAuts
     D:6: 1886 daAuts
     D:7: 1731 daAuts
     D:2: 1680 daAuts
     D:4: 1589 daAuts
     D:5: 1392 daAuts
     D:3: 1356 daAuts
     D:1: 964 daAuts
     D:9: 698 daAuts
  Temple: 189 daAuts
  Lair:1: 13 daAuts

Table legend:
 A = Non-vault XP
 B = Vault XP
 C = Vault XP percentage of total XP
 D = Non-vault monster count
 E = Vault monster count
 F = Vault count percentage of total count
                 A         B        C        D         E       F
            +---------+---------+-------+---------+---------+-------
      Total |    7996 |    4207 |  34.5 |     167 |      18 |   9.7
            +---------+---------+-------+---------+---------+-------
        D:1 |      23 |       3 |  11.5 |      13 |       2 |  13.3
        D:2 |      74 |       2 |   2.6 |      26 |       1 |   3.7
        D:3 |     128 |      51 |  28.5 |      23 |       2 |   8.0
        D:4 |     477 |       0 |   0.0 |      26 |       0 |   0.0
        D:5 |     622 |       0 |   0.0 |      16 |       0 |   0.0
        D:6 |     839 |      96 |  10.3 |      10 |       1 |   9.1
        D:7 |    1530 |     641 |  29.5 |      25 |       1 |   3.8
        D:8 |    1882 |    1898 |  50.2 |      14 |       4 |  22.2
        D:9 |    1830 |    1516 |  45.3 |      12 |       7 |  36.8
     Temple |     147 |       0 |   0.0 |       1 |       0 |   0.0
     Lair:1 |     444 |       0 |   0.0 |       1 |       0 |   0.0
            +---------+---------+-------+---------+---------+-------
